 Dungeon Crawl Stone Soup version 0.18.1-48-g4cf74bf (webtiles) character file.

56 Alarkh the Cudgeler (level 3, -3/27 HPs)
             Began as a Mummy Skald on Aug 29, 2016.
             Slain by Crazy Yiuf
             ... wielding a +3 quarterstaff of chaos
              (10 damage)
             ... on level 2 of the Dungeon.
             The game lasted 00:02:29 (1839 turns).

Alarkh the Cudgeler (Mummy Skald)                   Turns: 1839, Time: 00:02:30

Health: -3/27      AC:  4    Str: 15    XL:     3   Next: 71%
Magic:  1/6        EV: 10    Int: 12    God:
Gold:   82         SH:  3    Dex: 11    Spells: 2 memorised, 3 levels left

rFire  x . .     SeeInvis .     a - +0 mace
rCold  + . .     Gourm    .     b - +0 leather armour
rNeg   + + +     Faith    .     g - +0 buckler
rPois  ∞         Spirit   .     h - +0 helmet
rElec  .         Dismiss  .     (no cloak)
rCorr  .         Reflect  .     (no gloves)
SustAt .         Harm     .     (no boots)
MR     .....                    (no amulet)
Stlth  +.........               (no ring)
                                (no ring)

@: infused (expiring), very slightly contaminated, not resistant to hostile
enchantments, very unstealthy
A: no food or potions, fire vulnerability, cold resistance 1, negative energy
resistance 3, torment resistance, unbreathing
a: no special abilities


You were on level 2 of the Dungeon.
You were not hungry.

You visited 1 branch of the dungeon, and saw 2 of its levels.

You collected 82 gold pieces.

Inventory:

Hand Weapons
 a - a +0 mace (weapon)
Armour
 b - a +0 leather armour (worn)
 g - a +0 buckler (worn)
 h - a +0 helmet (worn)
Wands
 i - a wand of lightning (2/15)
Scrolls
 d - 3 scrolls of remove curse
 e - a scroll of enchant armour
 f - a scroll of noise {unknown}
Books
 c - a book of Battle

   Spells                             Type                      Level
   a - Infusion                       Charms                       1
   b - Shroud of Golubria             Charms/Translocation         2
   c - Song of Slaying                Charms                       2
   d - Spectral Weapon                Hexes/Charms                 3
   e - Regeneration                   Charms/Necromancy            3


   Skills:
 - Level 2.0 Fighting
 + Level 3.3 Maces & Flails
 - Level 0.7 Armour
 - Level 0.7 Dodging
 - Level 2.0 Spellcasting
 - Level 2.4 Charms


You had 3 spell levels left.
You knew the following spells:

 Your Spells              Type           Power        Failure   Level  Hunger
a - Infusion              Chrm           #...         24%         1    N/A
b - Shroud of Golubria    Chrm/Tloc      #.........   58%         2    N/A

Dungeon Overview and Level Annotations

Branches:
Dungeon (2/15)

Altars:
Cheibriados

Annotations:
D:2 Crazy Yiuf


Innate Abilities, Weirdness & Mutations

You do not eat or drink.
Your flesh is vulnerable to fire.
You are immune to poison.
Your flesh is cold resistant.
You are immune to negative energy.
You are immune to unholy pain and torment.
You can survive without breathing.


Message History

Crazy Yiuf hits you with a quarterstaff of chaos!
Zapping:
i - a wand of lightning {zapped: 2} (will waste charges)
Press: ? - help, Shift-Dir - straight line You hear a mighty clap of thunder!
The bolt of lightning hits Crazy Yiuf.
Crazy Yiuf resists.
Crazy Yiuf is heavily wounded.
The bolt of lightning misses Crazy Yiuf.
Evoking this partially-identified wand wasted a few charges.
Crazy Yiuf hits you with a quarterstaff of chaos!
* * * LOW HITPOINT WARNING * * *
Zapping:
i - a wand of lightning {zapped: 5} (will waste charges)
Press: ? - help, Shift-Dir - straight line You hear a mighty clap of thunder!
The bolt of lightning misses Crazy Yiuf.
The bolt of lightning hits Crazy Yiuf.
Crazy Yiuf resists.
Crazy Yiuf is severely wounded.
Evoking this partially-identified wand wasted a few charges.
Your magical infusion is running out.
Crazy Yiuf hits you with a quarterstaff of chaos!
You die...

#.##.#.##.#.)...####
#.##.#.##.#.....#
#...............#
###..###.##.#.....#
##....# #...####..##
#.....###.### #....#
#..##.....# #.P.P#
#..######## #.PP##
#..# ##@## #..# #.#
#g## #..# #.# ##.#
#..# #.# #.# #..#
#.# ##. ##†# #.# )#
#.########.# g.
#......##..# .)#
#.####.....# .)#


You could see Crazy Yiuf.

Vanquished Creatures
  2 adders (D:2)
  An ooze (D:1)
  A worm (D:2)
  A giant gecko (D:2)
  4 bats
  2 goblins (D:1)
  4 hobgoblins
  3 jackals (D:1)
  4 kobolds
  A ball python (D:2)
  2 giant newts
  7 rats
32 creatures vanquished.

Notes
Turn   | Place    | Note
--------------------------------------------------------------
     0 | D:1      | Alarkh the Mummy Skald began the quest for the Orb.
     0 | D:1      | Reached XP level 1. HP: 16/16 MP: 3/3
    90 | D:1      | Reached skill level 2 in Maces & Flails
   413 | D:1      | Reached XP level 2. HP: 19/22 MP: 0/5
   988 | D:2      | Found a snail-covered altar of Cheibriados.
  1028 | D:1      | Reached XP level 3. HP: 4/27 MP: 6/6
  1394 | D:2      | Reached skill level 3 in Maces & Flails
  1781 | D:2      | Learned a level 2 spell: Shroud of Golubria
  1829 | D:2      | Noticed Crazy Yiuf
  1839 | D:2      | Slain by Crazy Yiuf

Skill      XL: |  1  2  3 |
---------------+----------+-----
Maces & Flails | 2 3 |  3.3
Fighting       | |  2.0
Armour         | |  0.7
Dodging        | |  0.7
Spellcasting   | |  2.0
Charms         | |  2.4

Action                   || total
-------------------------++-------
Melee: Mace              ||   118
 Cast: Infusion          ||    12
Evoke: Wand              ||     3
  Use: Scroll            ||     2
Armor: Leather armour    ||    43
Dodge: Dodged            ||    81
Block: Buckler           ||     1
